AoeStats
← Tp 上帝 士官候補生

Arena

509775359Analyzed
3v3 RM · 4d ago on Sep 28, 2026· 56m 43s· 6 players
Game mode
Random Map
Map size
Normal (6 player)
Population
200
Speed
Normal
Resources
Standard
Victory
Conquest
Starting age
Dark Age
Ending age
Imperial Age
RankedLock teamsTeams togetherTeam positionsShared explorationLock speedFull tech treeHidden civsTurbo modeCheats
Victory
Defeat
🇨🇱 Cumans · Chile
1130
+11
🇨🇱 Wei · Chile
1026
+15
🇨🇱 Vikings · Chile
974
+17
🇦🇷 Lithuanians · Argentina
1030
-15
🇦🇷 Vietnamese · Argentina
1007
-14
🇦🇷 Khmer · Argentina
987
-14
DON JULIO
11:49 Feudal Age
13:19 Loom
16:40 Castle Age
15:51 Man-at-Arms
17:16 Forging
18:00 Double-Bit Axe
18:15 Long Swordsman
20:03 Scale Mail Armor
20:41 Padded Archer Armor
20:59 Squires
20:27 Elite Skirmisher
22:53 Stone Mining
23:41 Gold Mining
24:13 Leather Archer Armor
27:12 Ballistics
28:03 Thumb Ring
28:06 Horse Collar
28:39 Bow Saw
30:10 Heavy Plow
33:36 Imperial Age
33:27 Fletching
36:34 Imperial Skirmisher
38:18 Chemistry
37:15 Pikeman
37:56 Squires
40:13 Halberdier
41:58 Chain Mail Armor
43:50 Plate Mail Armor
47:53 Ring Archer Armor
47:18 Bodkin Arrow
49:38 Two-Man Saw
49:20 Two-Handed Swordsman
57:04 Paper Money
PAPA FRANCISCO
11:13 Feudal Age
14:13 Castle Age
12:27 Horse Collar
13:42 Double-Bit Axe
18:20 Bow Saw
20:06 Heavy Plow
23:04 Town Watch
24:48 Fletching
26:38 Bodkin Arrow
30:10 Imperial Age
28:19 Scale Barding Armor
28:01 Light Cavalry
28:56 Bloodlines
30:21 Wheelbarrow
30:25 Chain Barding Armor
30:13 Heavy Scorpion
32:19 Chemistry
32:22 Conscription
32:59 Double Crossbow
33:43 Ballistics
37:25 Hussar
39:36 Plate Barding Armor
39:12 Forging
39:02 Bracer
39:29 Murder Holes
ADAM SMASHER
8:54 Loom
12:00 Feudal Age
16:22 Castle Age
14:13 Double-Bit Axe
15:54 Forging
16:40 Bloodlines
ponchotazo
10:58 Feudal Age
11:41 Man-at-Arms
12:08 Arson
12:52 Double-Bit Axe
14:28 Horse Collar
18:34 Scale Mail Armor
20:34 Forging
22:48 Gold Mining
25:58 Castle Age
27:23 Bow Saw
26:47 Long Swordsman
29:21 Heavy Plow
30:41 Squires
31:03 Loom
33:30 Crossbowman
37:58 Gold Shaft Mining
42:01 Imperial Age
42:02 Chieftains
42:29 Capped Ram
42:34 Two-Handed Swordsman
44:55 Champion
46:12 Siege Ram
50:40 Iron Casting
50:20 Chain Mail Armor
50:43 Conscription
50:26 Bogsveigar
52:00 Elite Varangian Guard
57:09 Blast Furnace
56:39 Plate Mail Armor
Tp 上帝 士官候補生
6:54 Loom
10:31 Feudal Age
16:00 Castle Age
14:32 Horse Collar
14:46 Double-Bit Axe
15:04 Horse Collar
17:23 Loom
17:59 Bow Saw
22:46 Heavy Plow
30:03 Imperial Age
29:33 Wheelbarrow
28:55 Gold Mining
28:57 Stone Mining
29:49 Ballistics
29:13 Treadmill Crane
30:27 Thumb Ring
31:24 Gold Shaft Mining
31:26 Stone Shaft Mining
31:42 Parthian Tactics
32:10 Hand Cart
32:43 Padded Archer Armor
32:33 Fletching
32:51 Scale Barding Armor
32:24 Pikeman
34:04 Tuntian
36:30 Chemistry
35:39 Husbandry
36:51 Scale Mail Armor
37:32 Ming Guang Armor
38:47 Chain Barding Armor
38:37 Forging
39:34 Bodkin Arrow
41:56 Conscription
41:09 Elite Tiger Cavalry
43:00 Halberdier
43:53 Bracer
43:55 Scale Mail Armor
45:24 Iron Casting
49:56 Heavy Hei Guang Cavalry
53:24 Blast Furnace
53:30 Bloodlines
Camilo M87
10:35 Feudal Age
12:14 Double-Bit Axe
12:26 Gold Mining
12:21 Horse Collar
23:51 Castle Age
23:01 Stone Mining
24:03 Forging
27:06 Gold Shaft Mining
27:14 Wheelbarrow
29:29 Capped Ram
31:02 Loom
35:33 Imperial Age
36:38 Hand Cart
35:53 Cavalier
38:43 Bloodlines
38:54 Onager
40:16 Town Watch
40:50 Light Cavalry
41:41 Cuman Mercenaries
42:04 Ballistics
42:45 Chemistry
42:00 Pikeman
42:41 Squires
42:51 Halberdier
44:35 Elite Steppe Lancer
47:08 Bow Saw
48:09 Siege Ram
48:59 Scale Barding Armor
49:30 Iron Casting
49:08 Siege Onager
52:05 Chain Barding Armor
52:45 Blast Furnace
53:27 Paladin
54:46 Elite Kipchak
Connection lost

Rejoining the realm…

Still unreachable

The connection could not be restored.

Session expired

The server has moved on; the page needs a fresh start.